 Dungeon Crawl Stone Soup version 0.21.1-1-g345015f (webtiles) character file.

26 tidbits the Grave Robber (level 3, -2/25 HPs)
             Began as a Gnoll Necromancer on June 29, 2018.
             Slain by an adder (4 damage)
             ... on level 2 of the Dungeon.
             The game lasted 00:02:27 (240 turns).

tidbits the Grave Robber (Gnoll Necromancer)         Turns: 240, Time: 00:02:27

Health: -2/25      AC:  2    Str: 10    XL:     3   Next: 8%
Magic:  1/9        EV: 14    Int: 18    God:
Gold:   5          SH:  0    Dex: 15    Spells: 4/12 levels left

rFire    . . .     SeeInvis .   a - +0 hand axe
rCold    . . .     Gourm    .   (no shield)
rNeg     . . .     Faith    .   e - +0 robe
rPois    .         Spirit   .   (no helmet)
rElec    .         Reflect  .   (no cloak)
rCorr    .         Harm     .   (no gloves)
MR       .....                  (no boots)
Stlth    +++.......             (no amulet)
HPRegen  0.08/turn              (no ring)
MPRegen  0.11/turn              (no ring)

@: no status effects
A: distributed training, fangs 1, strong nose
a: no special abilities


You were on level 2 of the Dungeon.
You were not hungry.

You visited 1 branch of the dungeon, and saw 3 of its levels.

You collected 5 gold pieces.

Inventory:

Hand Weapons
 a - a +0 hand axe (weapon)
 i - a +0 short sword
Armour
 e - a +0 robe (worn)
Scrolls
 d - a scroll of teleportation {unknown}
 f - a scroll of remove curse {unknown}
 g - a scroll of magic mapping {unknown}
Potions
 h - a potion of resistance {unknown}
Books
 b - a book of Necromancy

   Spells                             Type                      Level
   a - Pain                           Necromancy                   1
   b - Animate Skeleton               Necromancy                   1
   c - Vampiric Draining              Necromancy                   3
   d - Regeneration                   Charms/Necromancy            3
   e - Animate Dead                   Necromancy                   4
   f - Borgnjor's Vile Clutch         Necromancy/Earth             5
Comestibles
 c - 2 rations


   Skills:
 + Level 0.6 Fighting
 + Level 0.6 Short Blades
 + Level 0.6 Long Blades
 + Level 0.6 Axes
 + Level 0.6 Maces & Flails
 + Level 0.6 Polearms
 + Level 0.6 Staves
 + Level 0.6 Slings
 + Level 0.6 Bows
 + Level 0.6 Crossbows
 + Level 0.6 Throwing
 + Level 0.6 Armour
 + Level 4.5 Dodging
 + Level 4.1 Stealth
 + Level 0.6 Shields
 + Level 0.6 Unarmed Combat
 + Level 5.0 Spellcasting
 + Level 0.4 Conjurations
 + Level 0.4 Hexes
 + Level 0.4 Charms
 + Level 0.4 Summonings
 + Level 7.1 Necromancy
 + Level 0.4 Translocations
 + Level 0.4 Transmutations
 + Level 0.4 Fire Magic
 + Level 0.4 Ice Magic
 + Level 0.4 Air Magic
 + Level 0.4 Earth Magic
 + Level 0.4 Poison Magic
 + Level 0.8 Invocations
 + Level 0.6 Evocations


You had 4 spell levels left.
You knew the following spells:

 Your Spells              Type           Power        Failure   Level  Hunger
a - Pain                  Necr           ####         1%          1    None
d - Vampiric Draining     Necr           ####......   2%          3    ##.....
n - Animate Skeleton      Necr           N/A          1%          1    None
r - Regeneration          Chrm/Necr      ###.......   9%          3    ##.....


Dungeon Overview and Level Annotations

Branches:
Dungeon (3/15)

Altars:


Innate Abilities, Weirdness & Mutations

Your experience applies equally to all skills.
You have very sharp teeth.
Your uncanny sense of smell can sniff out nearby items.


Message History

Press: ? - help, Shift-Dir - straight line, f - kobold
Aim: a kobold (chance to defeat MR: 93%)
The kobold writhes in agony!
You kill the kobold!
Things that are here:
a club; a hobgoblin corpse You see here 2 stones.
A giant cockroach comes into view.
Casting: Pain
Confirm with . or Enter, or press ? or * to list all spells.
Aiming: Pain
Press: ? - help, Shift-Dir - straight line, f - giant cockroach
Aim: a giant cockroach (clinging, chance to defeat MR: 93%)
The giant cockroach writhes in agony!
You kill the giant cockroach!
There is an escape hatch in the floor here.
You see here a giant cockroach corpse.
There is an escape hatch in the floor here.
You slide downwards.
The hatch slams shut behind you.
A goblin comes into view. It is wielding a club.
The goblin shouts!
Found a stone staircase leading up.
Unknown command.
Casting: Pain
Confirm with . or Enter, or press ? or * to list all spells.
Aiming: Pain
Press: ? - help, Shift-Dir - straight line, f - goblin
Aim: a goblin, wielding a club (chance to defeat MR: 93%)
The goblin writhes in agony!
You kill the goblin!
You have reached level 3!
Your experience leads to an increase in your attributes!
Increase (S)trength, (I)ntelligence, or (D)exterity?
You feel clever.
Memorise Vampiric Draining, consuming 3 spell levels and leaving 6?
You start memorising the spell.
You continue memorising. x3
You finish memorising.
Spell assigned to 'd'.
Memorise Regeneration, consuming 3 spell levels and leaving 3?
You start memorising the spell.
You continue memorising. x3
You finish memorising.
Spell assigned to 'r'.
A worm comes into view.
A bat comes into view.
The worm moves out of view.
There is a stone staircase leading up here.
Casting: Pain
Confirm with . or Enter, or press ? or * to list all spells.
Aiming: Pain
Press: ? - help, Shift-Dir - straight line, f - bat
Aim: a bat (resting, chance to defeat MR: 93%)
The bat writhes in agony!
You kill the bat!
You climb upwards.
Found a scroll labeled YNOIME QOHOOXA.
There is a stone staircase leading down here.
Unknown command.
Found 12 gold pieces and a black potion.
Found a stone staircase leading up.
There is a stone staircase leading up here.
You climb upwards.
A kobold comes into view. It is wielding a short sword.
There is a stone staircase leading down here.
Casting: Pain
Confirm with . or Enter, or press ? or * to list all spells.
Aiming: Pain
Press: ? - help, Shift-Dir - straight line, f - kobold
Aim: a kobold, wielding a short sword (resting, chance to defeat MR: 93%)
The kobold writhes in agony!
You kill the kobold!
A hobgoblin comes into view. It is wielding a club.
Casting: Pain
Confirm with . or Enter, or press ? or * to list all spells.
Aiming: Pain
Press: ? - help, Shift-Dir - straight line, f - hobgoblin
Aim: a hobgoblin, wielding a club (resting, chance to defeat MR: 93%)
The hobgoblin shouts!
The hobgoblin writhes in agony!
Things that are here:
a short sword; a kobold corpse
Casting: Pain
Confirm with . or Enter, or press ? or * to list all spells.
Aiming: Pain
Press: ? - help, Shift-Dir - straight line, f/p - hobgoblin
Aim: a hobgoblin, wielding a club (moderately wounded, chance to defeat MR: 93%)
The hobgoblin writhes in agony!
You kill the hobgoblin!
Your Spellcasting skill increases to level 5!
You see here a club.
Things that are here:
a short sword; a kobold corpse
i - a short sword Unknown command.
There is a stone staircase leading down here.
You climb downwards.
There is a stone staircase leading up here.
Unknown command.
An adder comes into view.
You see here 12 gold pieces.
The helpless adder fails to defend itself.
You hit the adder but do no damage. The adder bites you.
You die...

?..# ###### ##..## ....
#......# ...# #.##...#
#..# ###.##...# .. #..#
..#.##...# .. #<.#
#.#.##.>.# .. #..#
#S#.##...# .......#
.#####@#.##...#
..###..###.....!.$.<....#
..#........#####.#.###..+
.......##..# #.#.# #.##
....>.†....## #.#.# #.#
..#†##......# #.#.# #.#
....##(.###.####.#.# .#
#####...# .......# .#
#...###......###


You could see an adder.

Vanquished Creatures
  An adder (D:2)
  2 giant cockroaches
  A goblin (D:3)
  4 hobgoblins
  3 kobolds
  3 bats
  3 rats (D:1)
17 creatures vanquished.

Notes
Turn   | Place    | Note
-------+----------+-------------------------------------------
     0 | D:1      | tidbits the Gnoll Necromancer began the quest for the Orb.
     0 | D:1      | Reached XP level 1. HP: 13/13 MP: 6/6
    88 | D:1      | Reached XP level 2. HP: 9/19 MP: 2/7
    91 | D:1      | Learned a level 1 spell: Animate Skeleton
   161 | D:1      | You fall through a shaft!
   195 | D:3      | Reached XP level 3. HP: 3/25 MP: 0/9
   200 | D:3      | Learned a level 3 spell: Vampiric Draining
   204 | D:3      | Learned a level 3 spell: Regeneration
   226 | D:1      | Reached skill level 5 in Spellcasting
   240 | D:2      | Slain by an adder

Skill      XL: |  1  2  3 |
---------------+----------+-----
Spellcasting   | 5 |  5.0
Fighting       | |  0.6
Short Blades   | |  0.6
Long Blades    | |  0.6
Axes           | |  0.6
Maces & Flails | |  0.6
Polearms       | |  0.6
Staves         | |  0.6
Slings         | |  0.6
Bows           | |  0.6
Crossbows      | |  0.6
Throwing       | |  0.6
Armour         | |  0.6
Dodging        | |  4.5
Stealth        | |  4.1
Shields        | |  0.6
Unarmed Combat | |  0.6
Conjurations   | |  0.4
Hexes          | |  0.4
Charms         | |  0.4
Summonings     | |  0.4
Necromancy     | |  7.1
Translocations | |  0.4
Transmutations | |  0.4
Fire Magic     | |  0.4
Ice Magic      | |  0.4
Air Magic      | |  0.4
Earth Magic    | |  0.4
Poison Magic   | |  0.4
Invocations    | |  0.8
Evocations     | |  0.6

Action                   || total
-------------------------++-------
Melee: Hand axe          ||     1
 Cast: Pain              ||    27
 Stab: Sleeping          ||     1
Armor: Robe              ||     1
Dodge: Dodged            ||     6

Table legend:
 A = Turns spent in this place as a percentage of turns spent in the entire game.
 B = Non-inter-level travel turns spent in this place as a percentage of non-inter-level travel turns spent in the entire game.
 C = Inter-level travel turns spent in this place as a percentage of turns spent in this place.
 D = Turns resting spent in this place as a percentage of non-inter-level travel turns spent in this place.
 E = Turns spent auto-exploring this place as a percentage of non-inter-level travel turns spent in this place.
 F = Non-inter-level travel turns spent in this place divided by the number of levels of this place that you've seen.
                   A       B       C       D       E      F
               +-------+-------+-------+-------+-------+----------------------
         Total | 100.0 | 100.0 |   0.0 |   0.0 |   0.0 |  80.0
       Dungeon | 100.0 | 100.0 |   0.0 |   0.0 |   0.0 |  80.0
               +-------+-------+-------+-------+-------+----------------------

Table legend:
 A = Kills in this place as a percentage of kills in entire the game.
 B = Kills by you in this place as a percentage of kills by you in the entire game.
 C = Kills by friends in this place as a percentage of kills by friends in the entire game.
 D = Other kills in this place as a percentage of other kills in the entire game.
 E = Experience gained in this place as a percentage of experience gained in the entire game.
 F = Experience gained in this place divided by the number of levels of this place that you have seen.
                   A       B       C       D       E      F
               +-------+-------+-------+-------+-------+----------------------
         Total | 100.0 | 100.0 |   N/A |   N/A | 100.0 |  12.7
       Dungeon | 100.0 | 100.0 |   N/A |   N/A | 100.0 |  12.7
               +-------+-------+-------+-------+-------+----------------------

Vault maps used:
D:1:      lightli_arrival_maybe_door_vault, minivault_24, roderic_roman_lattice,
          hangedman_glass_teeth
D:2:      minmay_door_path, grunt_temple_overflow_growth_and_decay,
          chequers_ecumenical_altar_twisty, dk_noncrumbling_2
D:3:      dancing_weapons_uskayaw, makhleb_blood_cavern_becter, xom_redecorated,
          first_ration
